 Dungeon Crawl Stone Soup version 0.22-a0-456-g11ed031 (webtiles) character file.

67 galech the Covered (level 4, -6/28 HPs)
             Began as a Gargoyle Fighter on June 6, 2018.
             Was an Initiate of Okawaru.
             Killed from afar by an orc wizard (9 damage)
             ... with a magic dart
             ... on level 3 of the Dungeon.
             The game lasted 00:01:57 (1419 turns).

galech the Covered (Gargoyle Fighter)               Turns: 1419, Time: 00:01:58

Health: -6/28      AC: 13    Str: 20    XL:     4   Next: 18%
Magic:  4/4        EV:  7    Int:  8    God:    Okawaru [......]
Gold:   78         SH:  9    Dex: 10    Spells: 3/3 levels left

rFire    + . .     SeeInvis .   a - +0 flail
rCold    x . .     Gourm    .   c - +0 shield
rNeg     + . .     Faith    .   b - +0 scale mail
rPois    ∞         Spirit   .   j - +0 helmet
rElec    +         Reflect  .   r - +0 cloak
rCorr    .         Harm     .   (no gloves)
MR       .....                  (no boots)
Stlth    ..........             (no amulet)
HPRegen  0.09/turn              e - ring of fire
MPRegen  0.09/turn              (no ring)

@: no status effects
A: negative energy resistance 1, electricity resistance, unbreathing,
petrification resistance, rot immunity, AC +3
a: Renounce Religion


You were on level 3 of the Dungeon.
You worshipped Okawaru.
Okawaru was noncommittal.
You were not hungry.

You visited 1 branch of the dungeon, and saw 3 of its levels.

You collected 78 gold pieces.

Inventory:

Hand Weapons
 a - a +0 flail (weapon)
Armour
 b - a +0 scale mail (worn)
 c - a +0 shield (worn)
 j - a +0 helmet (worn)
 r - a +0 cloak (worn)
Jewellery
 e - a ring of fire (left hand)
Scrolls
 g - a scroll of teleportation {unknown}
 k - a scroll of amnesia {unknown}
 l - a scroll of immolation {unknown}
 n - 3 scrolls of identify {unknown}
 p - a scroll of remove curse {unknown}
 q - a scroll of fear {unknown}
Potions
 d - a potion of might
 h - a potion of magic {unknown}
 i - a potion of haste {unknown}
 m - a potion of curing {unknown}
 o - 3 potions of lignification {unknown}
 s - a potion of brilliance {unknown}
Comestibles
 f - 2 rations


   Skills:
 + Level 3.6 Fighting
 + Level 2.4 Maces & Flails
 + Level 4.3 Armour
 + Level 0.3 Dodging
 + Level 0.2 Stealth
 + Level 3.7 Shields


You had 3 spell levels left.
You didn't know any spells.
Your spell library was empty.

Dungeon Overview and Level Annotations

Branches:
Dungeon (3/15)

Altars:
Ashenzari
Cheibriados
Dithmenos
Fedhas
Hepliaklqana
Okawaru
Qazlal
Uskayaw


Innate Abilities, Weirdness & Mutations

You are resistant to torment.
Your stone body is resilient. (AC +3)
You are immune to poison.
You resist negative energy. (rN+)
You are resistant to electric shocks. (rElec)
You can survive without breathing.
You are immune to petrification.
You are immune to rotting.


Message History

* * * LOW HITPOINT WARNING * * *
Your shield and scale mail prevent you from hitting the orc wizard.
The orc wizard hits you but does no damage.
You block the orc wizard's attack.
You barely miss the orc wizard.
The orc wizard hits you but does no damage. x2
You thump the orc wizard!
The orc wizard is severely wounded.
The orc priest calls upon Beogh to heal the orc wizard.
The orc wizard is healed somewhat.
The orc wizard closely misses you.
The orc wizard hits you but does no damage.
You closely miss the orc wizard.
The orc wizard is heavily wounded.
The orc wizard points at you and mumbles some strange words.
You resist with some effort. You block the orc wizard's attack.
You closely miss the orc wizard.
The orc wizard is heavily wounded.
The orc wizard gestures at you while chanting.
The magic dart hits you!
You die...

#.........###.#8###_###.##
#..........##.### ### ###
#..........##.#
#..........##.#
#.........[##.#
#..........##.#
#..........o#.#
#$........#o#.#
#.........#@#.#
###########.#.# #...#
##..# #..# #..# #..# ....
..>..


You could see an orc priest and an orc wizard.

Vanquished Creatures
  An orc priest (D:3)
  An ooze (D:1)
  A worm (D:3)
  A leopard gecko (D:2)
  2 orcs (D:3)
  A ball python (D:2)
  3 hobgoblins (D:1)
  4 jackals (D:1)
  A quokka (D:3)
  10 bats
  A frilled lizard (D:2)
  A goblin (D:2)
  3 kobolds
30 creatures vanquished.

Notes
Turn   | Place    | Note
-------+----------+-------------------------------------------
     0 | D:1      | galech the Gargoyle Fighter began the quest for the Orb.
     0 | D:1      | Reached XP level 1. HP: 14/14 MP: 1/1
   159 | D:1      | Reached XP level 2. HP: 11/19 MP: 2/2
   461 | D:1      | Reached skill level 4 in Armour
   580 | D:2      | Found a blossoming altar of Fedhas.
   634 | D:2      | Found a snail-covered altar of Cheibriados.
   638 | D:2      | Found a hazy altar of Hepliaklqana.
   639 | D:2      | Found a shattered altar of Ashenzari.
   723 | D:2      | Reached XP level 3. HP: 21/23 MP: 3/3
  1353 | D:3      | Found a shadowy altar of Dithmenos.
  1353 | D:3      | Found a stormy altar of Qazlal.
  1353 | D:3      | Found an iron altar of Okawaru.
  1354 | D:3      | Found a hide-covered altar of Uskayaw.
  1358 | D:3      | Became a worshipper of Warmaster Okawaru
  1414 | D:3      | Reached XP level 4. HP: 10/28 MP: 4/4
  1419 | D:3      | Killed from afar by an orc wizard

Vault maps used:
D:1:      arrival_zaba_pyramid
D:2:      grunt_temple_overflow_open, fedhas_altar_2
D:3:      minitemple, first_ration

Skill      XL: |  1  2 |
---------------+-------+-----
Armour         | 4 |  4.3
Fighting       | |  3.6
Maces & Flails | |  2.4
Dodging        | |  0.3
Stealth        | |  0.2
Shields        | |  3.7

Action                   |  1- 3 |  4- 6 || total
-------------------------+-------+-------++-------
Melee: Flail             |   126 |     5 ||   131
  Eat: Chunk             |     2 |       ||     2
Armor: Scale mail        |    78 |     4 ||    82
Dodge: Dodged            |    43 |     1 ||    44
Block: Shield            |    78 |     2 ||    80

Table legend:
 A = Spawn XP
 B = Non-spawn XP
 C = Spawn XP percentage of total XP
 D = Spawn monster count
 E = Non-spawn monster count
 F = Spawn count percentage of total count
 G = Total turns spent on level
                    A         B        C        D         E        F      G
               +---------+---------+-------+---------+---------+-------+---------
         Total |       0 |      97 |   0.0 |       0 |      30 |   0.0 |  1419
               +---------+---------+-------+---------+---------+-------+---------
           D:1 |       0 |      28 |   0.0 |       0 |      14 |   0.0 |   571
           D:2 |       0 |      14 |   0.0 |       0 |      10 |   0.0 |   740
           D:3 |       0 |      55 |   0.0 |       0 |       6 |   0.0 |   108
               +---------+---------+-------+---------+---------+-------+---------
